 Dungeon Crawl Stone Soup version 0.28.0-43-g3370ac3207 (webtiles) character file.

Game seed: 12059928921969246777

241 Peloso the Covered (level 5, -1/47 HPs)
             Began as a Minotaur Fighter on Mar 21, 2022.
             Slain by Natasha (5 damage)
             ... on level 3 of the Dungeon.
             The game lasted 00:04:02 (3042 turns).

Peloso the Covered (Minotaur Fighter)               Turns: 3042, Time: 00:04:03

Health: -1/47      AC:  9    Str: 21    XL:     5   Next: 80%
Magic:  4/4        EV:  9    Int:  5    God:
Gold:   123        SH:  4    Dex: 11    Spells: 4/4 levels left

rFire   . . .      SeeInvis .   a - +0 long sword
rCold   . . .      Faith    .   c - +0 buckler
rNeg    . . .      Spirit   .   b - +0 scale mail
rPois   .          Reflect  .   (helmet restricted)
rElec   .          Harm     .   l - +1 cloak {Will+}
rCorr   .          Rampage  .   (no gloves)
Will    +....                   (no boots)
Stlth   ..........              (no amulet)
HPRegen 0.15/turn               (no ring)
MPRegen 0.09/turn               (no ring)

@: no status effects
A: horns 2, retaliatory headbutt
a: no special abilities


You were on level 3 of the Dungeon.
You visited 1 branch of the dungeon, and saw 3 of its levels.

You collected 123 gold pieces.

Inventory:

Hand Weapons
 a - a +0 long sword (weapon)
Armour
 b - a +0 scale mail (worn)
 c - a +0 buckler (worn)
 l - a +1 cloak of willpower (worn)
Jewellery
 o - a +4 ring of evasion
 p - a ring of fire
Scrolls
 f - 2 scrolls of identify {unknown}
 g - 2 scrolls of vulnerability {unknown}
 i - a scroll of enchant armour {unknown}
 k - a scroll of silence {unknown}
 n - 3 scrolls of teleportation {unknown}
 t - a scroll of immolation {unknown}
Potions
 d - a potion of might
 e - a potion of berserk rage {unknown}
 h - a potion of attraction {unknown}
 j - 2 potions of degeneration {unknown}
 m - a potion of ambrosia {unknown}
 q - a potion of heal wounds {unknown}
 r - a potion of haste {unknown}
 s - a potion of magic {unknown}


   Skills:
 + Level 4.6 Fighting
 + Level 4.5 Long Blades
 + Level 5.4 Armour
 + Level 1.2 Dodging
 + Level 0.1 Stealth
 + Level 4.3 Shields


You had 4 spell levels left.
You didn't know any spells.
Your spell library contained the following spells:

 Spells                   Type           Power      Damage    Failure   Level
 Sting                    Tmut/Pois      0%         1d3       87%         1
 Poisonous Vapours        Pois/Air       0%         N/A       95%         2
 Olgreb's Toxic Radiance  Pois           0%         N/A       100%        4


Dungeon Overview and Level Annotations

Branches:
Dungeon (3/15)

Altars:
Yredelemnul

Annotations:
D:3 Natasha


Innate Abilities, Weirdness & Mutations

You have a pair of horns on your head.
You reflexively headbutt those who attack you in melee.


Message History

You see here a jackal corpse.
Natasha claws you.
You hit Natasha. Your headbutt misses Natasha.
Natasha is moderately wounded.
Natasha mumbles some strange words.
You hit Natasha.
Natasha is severely wounded.
Natasha zaps a wand.
You resist with almost no effort.
You barely miss Natasha.
Natasha is severely wounded.
Natasha claws you.
* * * LOW HITPOINT WARNING * * *
The iron imp hits you but does no damage.
You closely miss Natasha.
Natasha is severely wounded.
Natasha stares at you and mumbles some strange words.
The magic dart hits you.
* * * LOW HITPOINT WARNING * * *
The iron imp barely misses you. You furiously retaliate!
You headbutt the iron imp.
Natasha growls.
You block Natasha's attack.
You closely miss Natasha.
Natasha is severely wounded.
The iron imp hits you but does no damage.
Natasha closely misses you.
You barely miss Natasha.
Natasha is severely wounded.
You block the iron imp's attack.
Natasha zaps a wand.
You resist with almost no effort.
Unknown command.
You closely miss Natasha.
Natasha is severely wounded.
Natasha casts a spell.
The iron imp hits you.
* * * LOW HITPOINT WARNING * * *
You closely miss Natasha. Your headbutt misses Natasha.
Natasha is severely wounded.
Natasha claws you.
You die...

#.......# #...#
#.##.##.#
####.#### #...#
#.##.##.# #.#
#...# #.......#
#.# #)).#
####.#### #.#
#######.##
#.#### ####.#
#........#
#..... .....#
#....##..#
###### ..####
#.....5†.##.###
#.#
#.....5@.......
#..#
#.#.###h.#..#.#
#.... ...
...#..# ###..#
#. .?.## ... #
...# # '##'#
#### . #... ..
.#. .. .. . . .
'# # #


You could see an iron imp (summoned), Natasha and a white imp (summoned).

Vanquished Creatures
  Crazy Yiuf (D:2)
  Terence (D:3)
  Natasha (D:3)
  Robin (D:2)
  4 adders
  4 gnolls
  2 dart slugs
  An orc (D:3)
  5 ball pythons
  5 endoplasms
  A giant cockroach (D:2)
  7 hobgoblins
  5 jackals
  A quokka (D:1)
  6 bats
  3 frilled lizards
  16 goblins
  3 kobolds
  8 rats
75 creatures vanquished.

Notes
Turn   | Place    | Note
-------+----------+-------------------------------------------
     0 | D:1      | Peloso the Minotaur Fighter began the quest for the Orb.
     0 | D:1      | Reached XP level 1. HP: 19/19 MP: 0/0
   162 | D:1      | Reached XP level 2. HP: 27/27 MP: 1/1
   260 | D:1      | You fall into a shaft and drop 1 floor!
   348 | D:2      | Reached skill level 4 in Armour
   389 | D:2      | Reached XP level 3. HP: 30/33 MP: 2/2
   465 | D:2      | Found a runed translucent door.
   466 | D:2      | Noticed Crazy Yiuf
   480 | D:2      | Noticed Robin
   526 | D:2      | Killed Robin
   903 | D:2      | Reached XP level 4. HP: 39/40 MP: 3/3
  1472 | D:2      | Killed Crazy Yiuf
  2034 | D:3      | Noticed Natasha
  2182 | D:2      | Reached skill level 1 in Dodging
  2182 | D:2      | Reached XP level 5. HP: 26/47 MP: 4/4
  2484 | D:3      | Killed Natasha
  2485 | D:3      | Reached skill level 5 in Armour
  2701 | D:3      | Found a basalt altar of Yredelemnul.
  2983 | D:3      | Noticed Terence
  3000 | D:3      | Killed Terence
  3029 | D:3      | Noticed Natasha
  3042 | D:3      | Slain by Natasha

Illustrated notes

Levels and vault maps discovered:
D:1:      lemuel_arrival_broad_hall, layout_basic
D:2:      layout_basic, uniq_crazy_yiuf_cottage, uniq_robin
D:3:      layout_loops_cross, mainiacjoe_overflow_alcove_4,
          evilmike_ruin_ashenzari, yredelemnul_altar_generic,
          mainiacjoe_overflow_24_doors, wander_ebering_terrifying_dragon_lair,
          uniq_terence, uniq_natasha

Skill      XL: |  1  2  3  4  5 |
---------------+----------------+-----
Fighting       | 4 |  4.6
Armour         | 4 5 |  5.4
Shields        | 4 |  4.3
Long Blades    | 3 4 |  4.5
Dodging        | 1 |  1.2
Stealth        | |  0.1

Action                   |  1- 3 |  4- 6 || total
-------------------------+-------+-------++-------
Melee: Long sword        |    60 |   111 ||   171
       Headbutt          |    15 |    15 ||    30
Armor: Scale mail        |    35 |    71 ||   106
Dodge: Dodged            |    47 |    56 ||   103
Block: Buckler           |    16 |    28 ||    44
